 Dungeon Crawl Stone Soup version 0.29.0-4-gdea44cf6ec (webtiles) character file.

Game seed: 16591053967027543747

5503 mortz the Destroyer (level 10, -1/76 HPs)
             Began as a Gnoll Conjurer on Aug 27, 2022.
             Was a Believer of Vehumet.
             Slain by a wyvern (8 damage)
             ... on level 8 of the Dungeon.
             The game lasted 00:55:17 (10053 turns).

mortz the Destroyer (Gnoll Conjurer)               Turns: 10053, Time: 00:55:17

Health: -1/76      AC: 10    Str: 13    XL:     10   Next: 70%
Magic:  1/21       EV: 14    Int: 21    God:    Vehumet [**....]
Gold:   22         SH:  0    Dex: 14    Spells: 10/24 levels left

rFire   . . .      SeeInvis .   c - +2 rapier (spect)
rCold   . . .      Faith    .   (no shield)
rNeg    . . .      Spirit   .   b - +0 acid dragon scales
rPois   .          Reflect  .   (no helmet)
rElec   .          Harm     .   (no cloak)
rCorr   +          Rampage  .   w - +0 pair of gloves {Dex+3}
Will    .....                   G - +0 pair of boots
Stlth   +++.......              A - amulet of magic regeneration
HPRegen 0.22/turn               v - +6 ring of strength
MPRegen 0.57/turn               (no ring)

@: no status effects
A: fangs 1, strong nose, distributed training
a: Renounce Religion


You were on level 8 of the Dungeon.
You worshipped Vehumet.
Vehumet was pleased with you.
You visited 2 branches of the dungeon, and saw 9 of its levels.

You collected 345 gold pieces.
You spent 323 gold pieces at shops.

Inventory:

Hand Weapons
 c - a +2 spectral rapier (weapon)
 e - a +3 halberd
 h - a +0 dagger
 q - a +2 whip of electrocution
 u - a +0 falchion of holy wrath
 B - a +1 dagger of electrocution
 D - a +0 dagger of flaming
Missiles
 r - a throwing net
Armour
 a - a +1 robe
 b - +0 acid dragon scales (worn)
 g - a +0 leather armour
 m - a +0 leather armour of willpower
 w - a +0 pair of gloves of dexterity (worn)
 G - a +0 pair of boots (worn)
Magical Staves
 I - a staff of earth
Jewellery
 t - an amulet of guardian spirit
 v - a +6 ring of strength (left hand)
 A - an amulet of magic regeneration (around neck)
Wands
 y - a wand of polymorph (9)
Scrolls
 j - 2 scrolls of poison
 o - a scroll of fog
 p - 2 scrolls of amnesia
 x - a scroll of silence
 E - a scroll of blinking
 F - a scroll of teleportation
Potions
 d - a potion of mutation
 f - a potion of brilliance
 i - a potion of attraction
 k - 4 potions of cancellation
 l - a potion of lignification
 n - 2 potions of invisibility
 s - 2 potions of curing
 z - a potion of flight
 C - a potion of ambrosia
 H - 2 potions of haste {unknown}


   Skills:
 + Level 5.7 Fighting
 + Level 5.7 Short Blades
 + Level 5.7 Long Blades
 + Level 5.7 Axes
 + Level 5.7 Maces & Flails
 + Level 5.7 Polearms
 + Level 5.7 Staves
 + Level 5.7 Ranged Weapons
 + Level 5.7 Throwing
 + Level 5.7 Armour
 + Level 7.4 Dodging
 + Level 7.2 Stealth
 + Level 5.7 Shields
 + Level 5.7 Unarmed Combat
 + Level 7.7 Spellcasting
 + Level 8.6 Conjurations
 + Level 4.7 Hexes
 + Level 4.7 Summonings
 + Level 4.7 Necromancy
 + Level 4.7 Translocations
 + Level 4.7 Transmutations
 + Level 4.7 Fire Magic
 + Level 4.7 Ice Magic
 + Level 4.7 Air Magic
 + Level 4.7 Earth Magic
 + Level 4.7 Poison Magic
 + Level 6.3 Invocations
 + Level 5.7 Evocations


You had 10 spell levels left.
You knew the following spells:

 Your Spells              Type           Power      Damage    Failure   Level
a - Magic Dart            Conj           100%       1d8       1%          1
b - Searing Ray           Conj           88%        2d7       1%          2
c - Iskenderun's Mystic   Conj/Tloc      36%        2d9       8%          4
d - Foxfire               Conj/Fire      100%       2x1d9     1%          1
e - Shock                 Conj/Air       100%       1d9       1%          1
f - Inner Flame           Hex/Fire       28%        N/A       4%          3
g - Static Discharge      Conj/Air       36%        3-8/arc   1%          2

Your spell library contained the following spells:

 Spells                   Type           Power      Damage    Failure   Level
 Conjure Flame            Conj/Fire      36%        6-21      2%          3
 Dazzling Flash           Conj/Hex       72%        N/A       2%          3
 Ignite Poison            Fire/Tmut/Pois 28%        N/A       4%          3
 Portal Projectile        Hex/Tloc       56%        N/A       4%          3
 Tukima's Dance           Hex            28%        N/A       4%          3
 Flame Wave               Conj/Fire      36%        2d10      8%          4
 Fulminant Prism          Conj/Hex       18%        3d11      8%          4
 Sticky Flame             Conj/Fire      36%        2d6       8%          4
 Petrify                  Tmut/Erth      28%        N/A       16%         4
 Fireball                 Conj/Fire      18%        3d9       21%         5
 Blade Hands              Tmut           14%        N/A       41%         5
 Metabolic Englaciation   Hex/Ice        14%        N/A       41%         5
 Starburst                Conj/Fire      18%        6d7       75%         6
 Statue Form              Tmut/Erth      18%        N/A       94%         6
 Ignition                 Fire           14%        3d6       100%        8


Dungeon Overview and Level Annotations

Branches:
Dungeon (8/15)             Temple (1/1) D:4
   Lair: D:8-11

Altars:
Ashenzari
Cheibriados
Dithmenos
Fedhas
Gozag
Makhleb
Nemelex Xobeh
Qazlal
Ru
Sif Muna
Trog
Uskayaw
Vehumet
Xom
Yredelemnul
Zin
The Shining One

Shops:
D:4 [?(=(

Annotations:
D:6 2 transporters, SpoonFarmer's ghost, novice DrCj


Innate Abilities, Weirdness & Mutations

You have very sharp teeth.
Your uncanny sense of smell can sniff out nearby items.
Your experience applies equally to all skills.


Message History

The wyvern attacks as you move away! The wyvern bites you!
* * * LOW HITPOINT WARNING * * *
Casting: Searing Ray (safe; 1% risk of failure)
Confirm with . or Enter, or press ? or * to list all spells.
Aiming: Searing Ray (safe; 1% risk of failure)
Press: ? - help, Shift-Dir - straight line, f/p - wyvern
Aim: a wyvern (moderately wounded, 82% to hit)
Okay, then.
Casting: Searing Ray (safe; 1% risk of failure)
Confirm with . or Enter, or press ? or * to list all spells.
You erupt in a blast of force!
The mystic blast hits the wyvern.
The wyvern is moderately wounded.
The wyvern barely misses you. The wyvern closely misses you.
Casting: Iskenderun's Mystic Blast (dangerous; 8% risk of failure)
Confirm with . or Enter, or press ? or * to list all spells.
You erupt in a blast of force!
The mystic blast hits the unseen horror zombie!
You destroy the unseen horror zombie!
Vehumet accepts your kill.
The mystic blast hits the wyvern.
The wyvern is heavily wounded.
The wyvern is knocked back by the mystic blast.
The wyvern collides with the sky beast!
The sky beast is lightly wounded.
The wyvern is severely wounded.
Casting: Iskenderun's Mystic Blast (dangerous; 8% risk of failure)
Confirm with . or Enter, or press ? or * to list all spells.
You don't have enough magic to cast this spell.
Casting: Iskenderun's Mystic Blast (dangerous; 8% risk of failure)
Confirm with . or Enter, or press ? or * to list all spells.
Aiming: Searing Ray (safe; 1% risk of failure)
Press: ? - help, Shift-Dir - straight line, f/p - wyvern
Aim: a wyvern (severely wounded, 82% to hit)
The searing ray hits the wyvern!
The wyvern is almost dead.
The searing ray hits the sky beast!
The sky beast is moderately wounded. (Press . to maintain the ray.)
The wyvern bites you!
You die...

......#)#.#.#.##.#
.####.#)#.....##.#
Y.#)###.####.#
..#)# #.# #.#
..##.###.# #.#
####...#.# #.#
#...##.#.# #.#
#...##.#.# #.#
#...##.#.# #@#
.###.l.##.# #l#
.......##.# #.#
.###.####.# #Y#
........#.# #.#
.....##.#.# #.#
#######.#.# #.#
######.#.# #.#
.........<# #.#


You could see a wyvern and a sky beast.

Vanquished Creatures
  A two-headed ogre (D:7)
  Pikel (D:7)
  Maggie (D:7)
  An unseen horror zombie (D:8)
  A steam dragon (D:7)
  4 yaks (D:8)
  Duvessa (D:6)
  3 water moccasins
  An ice beast (D:7)
  3 sky beasts
  An ogre (D:6)
  2 centaurs (D:5)
  2 lemures (D:7)
  A phantom (D:7)
  A bullfrog (D:7)
  11 necrophages
  3 scorpions
  A wyvern zombie (D:8)
  Dowan (D:6)
  A howler monkey (D:5)
  8 hounds
  A bullfrog zombie (D:5)
  3 jellies (D:6)
  2 orc priests
  A gnoll bouda (D:4)
  6 iguanas
  3 orc wizards
  A killer bee zombie (D:5)
  20 gnolls
  4 adders
  A shadow imp (D:7)
  2 white imps
  A worm (D:2)
  A dart slug (D:1)
  13 orcs
  2 endoplasms
  4 giant cockroaches
  4 goblins
  9 hobgoblins
  A kobold (D:1)
  5 quokkas
  6 ball pythons
  9 bats
  2 frilled lizards (D:1)
  2 rats
152 creatures vanquished.

Vanquished Creatures (others)
  A bush (D:5)
  2 foxfires (D:5)
  18 plants
21 creatures vanquished.

Grand Total: 173 creatures vanquished

Notes
Turn   | Place    | Note
-------+----------+-------------------------------------------
     0 | D:1      | mortz the Gnoll Conjurer began the quest for the Orb.
     0 | D:1      | Reached XP level 1. HP: 13/13 MP: 6/6
   222 | D:1      | Reached XP level 2. HP: 19/19 MP: 3/7
   851 | D:1      | Learned a level 2 spell: Searing Ray
   990 | D:2      | Learned a level 1 spell: Foxfire
  1053 | D:2      | Reached skill level 5 in Spellcasting
  1053 | D:2      | Reached XP level 3. HP: 25/25 MP: 4/9
  1054 | D:2      | Reached skill level 1 in Invocations
  1055 | D:2      | Reached skill level 1 in Fighting
  1055 | D:2      | Reached skill level 1 in Short Blades
  1055 | D:2      | Reached skill level 1 in Long Blades
  1055 | D:2      | Reached skill level 1 in Axes
  1055 | D:2      | Reached skill level 1 in Maces & Flails
  1055 | D:2      | Reached skill level 1 in Polearms
  1055 | D:2      | Reached skill level 1 in Staves
  1055 | D:2      | Reached skill level 1 in Ranged Weapons
  1055 | D:2      | Reached skill level 1 in Throwing
  1055 | D:2      | Reached skill level 1 in Armour
  1055 | D:2      | Reached skill level 1 in Shields
  1055 | D:2      | Reached skill level 1 in Unarmed Combat
  1055 | D:2      | Reached skill level 1 in Evocations
  1056 | D:2      | Reached XP level 4. HP: 32/32 MP: 0/11
  1600 | D:2      | Reached skill level 1 in Hexes
  1600 | D:2      | Reached skill level 1 in Summonings
  1600 | D:2      | Reached skill level 1 in Necromancy
  1600 | D:2      | Reached skill level 1 in Translocations
  1600 | D:2      | Reached skill level 1 in Transmutations
  1600 | D:2      | Reached skill level 1 in Fire Magic
  1600 | D:2      | Reached skill level 1 in Ice Magic
  1600 | D:2      | Reached skill level 1 in Air Magic
  1600 | D:2      | Reached skill level 1 in Earth Magic
  1600 | D:2      | Reached skill level 1 in Poison Magic
  1609 | D:2      | Learned a level 4 spell: Iskenderun's Mystic Blast
  2192 | D:3      | Found a stormy altar of Qazlal.
  2584 | D:4      | Found Hekhok's Magic Scroll Shoppe.
  2589 | D:4      | Bought 2 scrolls of identify for 48 gold pieces
  2621 | D:4      | Reached XP level 5. HP: 32/37 MP: 8/12
  2723 | D:4      | Found a shimmering altar of Xom.
  2759 | D:4      | Found a staircase to the Ecumenical Temple.
  3062 | D:4      | Found an opulent altar of Gozag.
  3141 | D:4      | Reached XP level 6. HP: 44/44 MP: 1/13
  3298 | D:4      | Found Fufy's Antique Armour Shop.
  3477 | D:4      | Found Ewnasecw's Antique Weapon Boutique.
  3484 | D:4      | Reached skill level 5 in Dodging
  3519 | D:4      | Found a shadowy altar of Dithmenos.
  3578 | Temple   | Entered the Ecumenical Temple
  3632 | Temple   | Became a worshipper of Vehumet
  3688 | D:4      | Found Laxtep's Jewellery Shop.
  3790 | D:4      | Found Kesunn's Weapon Boutique.
  4099 | D:5      | Entered Level 5 of the Dungeon
  4235 | D:4      | Bought a pair of embroidered gloves for 172 gold pieces
  4434 | D:5      | Noticed a water moccasin
  4435 | D:5      | Reached XP level 7. HP: 50/50 MP: 11/15
  4522 | D:5      | Reached skill level 5 in Stealth
  4929 | D:5      | Found a blossoming altar of Fedhas.
  5004 | D:5      | Reached XP level 8. HP: 58/58 MP: 8/16
  5113 | D:5      | Found a shimmering blue altar of Sif Muna.
  5114 | D:5      | Found a sparkling altar of Nemelex Xobeh.
  5311 | D:5      | Reached * piety under Vehumet
  5311 | D:5      | Offered knowledge of Shock by Vehumet.
  5314 | D:5      | Learned a level 1 spell: Shock
  5573 | D:5      | Found a glowing silver altar of Zin.
  6409 | D:6      | Reached XP level 9. HP: 65/65 MP: 18/18
  6482 | D:6      | Found a sacrificial altar of Ru.
  6495 | D:6      | Found a transporter.
  6510 | D:6      | Noticed SpoonFarmer's ghost (novice DrCj)
  6750 | D:6      | Reached skill level 8 in Conjurations
  6928 | D:6      | Noticed Duvessa
  6928 | D:6      | Noticed Dowan
  6934 | D:6      | Killed Dowan
  6942 | D:6      | Killed Duvessa
  7072 | D:6      | Found a transporter.
  7988 | D:7      | Reached skill level 5 in Invocations
  8214 | D:7      | Found a burning altar of Makhleb.
  8352 | D:4      | Bought a pair of boots for 103 gold pieces
  8590 | D:7      | Noticed Maggie
  8614 | D:7      | Killed Maggie
  8814 | D:7      | Reached skill level 5 in Fighting
  8814 | D:7      | Reached skill level 5 in Short Blades
  8814 | D:7      | Reached skill level 5 in Long Blades
  8814 | D:7      | Reached skill level 5 in Axes
  8814 | D:7      | Reached skill level 5 in Maces & Flails
  8814 | D:7      | Reached skill level 5 in Polearms
  8814 | D:7      | Reached skill level 5 in Staves
  8814 | D:7      | Reached skill level 5 in Ranged Weapons
  8814 | D:7      | Reached skill level 5 in Throwing
  8814 | D:7      | Reached skill level 5 in Armour
  8814 | D:7      | Reached skill level 5 in Shields
  8814 | D:7      | Reached skill level 5 in Unarmed Combat
  8814 | D:7      | Reached skill level 5 in Evocations
  8914 | D:7      | Reached XP level 10. HP: 61/74 MP: 17/20
  8985 | D:7      | Offered knowledge of Static Discharge by Vehumet.
  8986 | D:7      | Reached ** piety under Vehumet
  8993 | D:7      | Learned a level 2 spell: Static Discharge
  9119 | D:7      | Noticed a two-headed ogre
  9181 | D:7      | Noticed Pikel
  9196 | D:7      | Killed Pikel
  9372 | D:7      | Learned a level 3 spell: Inner Flame
  9568 | D:7      | Killed a two-headed ogre
 10053 | D:8      | Slain by a wyvern

Illustrated notes

Levels and vault maps discovered:
D:1:      erik_arrival_triangle_large, layout_rooms,
          chequers_serial_rivers_marsh
D:2:      layout_basic, hangedman_decor_clover_reticule
D:3:      layout_loops_ring, amcnicky_altar_gilded
D:4:      layout_basic, grunt_gozag_statues, mainiacjoe_overflow_cross_hatched,
          mainiacjoe_overflow_tiny_flanked, minmay_temple_entry_large_hall,
          serial_shops, shop, kennysheep_little_box,
          nicolae_shop_overgrown_old_shop, shop, nicolae_square_shop,
          grunt_ministairs_12, minmay_misc_feat_ornament
D:5:      layout_loops_ring, gammafunk_temple_overflow_forgotten,
          fedhas_altar_decomposition, hangedman_decor_diamond_cutter
D:6:      layout_loops_corners, general_overflow_altar,
          gammafunk_ghost_stat_death, uniq_duvessa
D:7:      layout_cave_pods, lemuel_doored_altar, uniq_maggie, uniq_pikel
D:8:      layout_basic, okawaru_gym_becter, nzn_hepliaklqana_mist_gate,
          erik_lair_island, serial_undead, serial_undead_e, serial_undead_e,
          serial_undead_a, serial_undead_d, serial_undead_d,
          palyth_stone_intersect, chequers_garden, uniq_psyche
Temple:   nicolae_temple_little_seven

Skill      XL: |  1  2  3  4  5  6  7  8  9 10 |
---------------+-------------------------------+-----
Spellcasting   | 5 6 7 |  7.7
Invocations    | 1 2 3 4 5 6 |  6.3
Fighting       | 1 2 3 5 |  5.7
Short Blades   | 1 2 3 5 |  5.7
Long Blades    | 1 2 3 5 |  5.7
Axes           | 1 2 3 5 |  5.7
Maces & Flails | 1 2 3 5 |  5.7
Polearms       | 1 2 3 5 |  5.7
Staves         | 1 2 3 5 |  5.7
Ranged Weapons | 1 2 3 5 |  5.7
Throwing       | 1 2 3 5 |  5.7
Armour         | 1 2 3 5 |  5.7
Shields        | 1 2 3 5 |  5.7
Unarmed Combat | 1 2 3 5 |  5.7
Evocations     | 1 2 3 5 |  5.7
Hexes          | 1 2 3 4 |  4.7
Summonings     | 1 2 3 4 |  4.7
Necromancy     | 1 2 3 4 |  4.7
Translocations | 1 2 3 4 |  4.7
Transmutations | 1 2 3 4 |  4.7
Fire Magic     | 1 2 3 4 |  4.7
Ice Magic      | 1 2 3 4 |  4.7
Air Magic      | 1 2 3 4 |  4.7
Earth Magic    | 1 2 3 4 |  4.7
Poison Magic   | 1 2 3 4 |  4.7
Dodging        | 5 6 7 |  7.4
Stealth        | 5 6 7 |  7.2
Conjurations   | 8 |  8.6

Action                   |  1- 3 |  4- 6 |  7- 9 | 10-12 || total
-------------------------+-------+-------+-------+-------++-------
Melee: Rapier            |     2 |     9 |    13 |       ||    24
       Bite              |       |       |     1 |       ||     1
 Cast: Magic Dart        |    34 |    27 |    20 |     7 ||    88
       Searing Ray       |     2 |    28 |    61 |    15 ||   106
       Foxfire           |       |       |     1 |       ||     1
       Iskenderun's Myst |       |       |    13 |    20 ||    33
  Use: Scroll            |     5 |    10 |    13 |       ||    28
       Potion            |       |       |     2 |       ||     2
 Stab: Sleeping          |       |     9 |     7 |       ||    16
Armor: Robe              |     3 |     5 |    16 |       ||    24
       Acid dragon scale |       |       |     2 |     7 ||     9
Dodge: Dodged            |     8 |    26 |    75 |    26 ||   135
